 Dungeon Crawl Stone Soup version 0.31-a0-229-g1fc7ce93e2 (webtiles) character file.

Game seed: 10284560843983563597

100 qw the Shooter (level 4, -4/36 HPs)
             Began as a Minotaur Hexslinger on July 6, 2023.
             Slain by a black bear (5 damage)
             ... on level 3 of the Dungeon.
             The game lasted 00:00:48 (1795 turns).

qw the Shooter (Minotaur Hexslinger)                Turns: 1795, Time: 00:00:49

Health: -4/36      AC:  2    Str: 12    XL:     4   Next: 47%
Magic:  4/4        EV: 12    Int: 10    God:
Gold:   163        SH:  0    Dex: 15    Spells: 4/5 levels left

rFire   . . .        Y - +1 sling
rCold   . . .        (no shield)
rNeg    . . .        c - +0 robe
rPois   +            (helmet restricted)
rElec   .            (no cloak)
rCorr   .            (no gloves)
SInv    +            (no boots)
Will    .....        f - amulet of the acrobat
Stlth   +            h - ring of poison resistance
HPRegen 0.26/turn    b - ring of see invisible
MPRegen 0.09/turn

%: acrobat
@: no status effects
A: horns 2, retaliatory headbutt
a: no special abilities


You were on level 3 of the Dungeon.
You visited 1 branch of the dungeon, and saw 3 of its levels.

You collected 163 gold pieces.


Innate Abilities, Weirdness & Mutations

You have a pair of horns on your head.
You reflexively headbutt those who attack you in melee.


   Skills:
 + Level 2.1 Fighting
 - Level 5.0 Ranged Weapons
 - Level 2.1 Dodging
 - Level 1.0 Spellcasting
 - Level 2.0 Hexes


You had 4 spell levels left.
You knew the following spells:

 Your Spells              Type           Power      Damage    Failure   Level
a - Slow                  Hex            16%        N/A       16%         1

Your spell library contained the following spells:

 Spells                   Type           Power      Damage    Failure   Level
 Inner Flame              Hex/Fire       2%         N/A       56%         3
 Portal Projectile        Hex/Tloc       4%         N/A       56%         3
 Cause Fear               Hex            2%         N/A       83%         4

Inventory:

Hand Weapons
 Y - a +1 sling (weapon)
Armour
 c - a +0 robe (worn)
 i - a +0 ring mail
Jewellery
 b - a ring of see invisible (right hand)
 f - an amulet of the acrobat (around neck)
 h - a ring of poison resistance (left hand)
 l - an amulet of regeneration
Scrolls
 j - a scroll of torment {unknown}
 m - a scroll of summoning {unknown}
Potions
 a - a potion of degeneration {unknown}
 d - a potion of enlightenment {unknown}
 e - a potion of brilliance {unknown}
 g - 2 potions of mutation {unknown}
 k - a potion of berserk rage {unknown}

Dungeon Overview and Level Annotations

Branches:
Dungeon (3/15)

Altars:

Shops:
D:3 :


Message History

You shoot a sling bullet. The sling bullet hits the black bear.
The black bear is lightly wounded.
You shoot a sling bullet. The sling bullet hits the black bear.
The black bear is lightly wounded.
You shoot a sling bullet. The sling bullet hits the black bear.
The black bear is moderately wounded.
The black bear bites you.
The black bear claws you but does no damage. x2
The black bear completely misses you. The black bear barely misses you.
The black bear claws you.
You shoot a sling bullet. The sling bullet hits the black bear.
The black bear is moderately wounded.
The black bear barely misses you. The black bear claws you.
The black bear closely misses you.
You shoot a sling bullet.
The sling bullet barely misses the black bear.
The black bear bites you. The black bear claws you.
The black bear closely misses you.
You shoot a sling bullet.
The sling bullet barely misses the black bear.
The black bear completely misses you. The black bear closely misses you.
The black bear claws you but does no damage.
You shoot a sling bullet.
The sling bullet barely misses the black bear.
The black bear completely misses you. The black bear claws you.
The black bear closely misses you.
You shoot a sling bullet. The sling bullet hits the black bear.
The black bear is heavily wounded.
The black bear barely misses you. You furiously retaliate!
You headbutt the black bear! The black bear claws you.
The black bear closely misses you.
The black bear goes berserk!
You shoot a sling bullet.
The sling bullet hits the black bear but does no damage.
The black bear is almost dead.
The black bear bites you. The black bear claws you.
The black bear closely misses you.
You shoot a sling bullet. The sling bullet hits the black bear.
The black bear is almost dead.
The black bear bites you! The black bear claws you.
You die...

######### ####.%.....#
## ...........#### #.
...........'..####### #.
...........##.#.....# #.
......h@....#.#.....###.
#######..##.#.#.........
#####.>..<..........#.#.
#.......#.#.#.#.........
#.##....#.#.#.#....#.#.#
#.#.....................
#.####..#...#.#.........
#.........###.#######...
##.#.###.####.##### #...


You could see a black bear (berserk).

Vanquished Creatures
  4 adders (D:2)
  A worm (D:2)
  2 dart slugs
  An orc (D:3)
  7 endoplasms
  5 giant cockroaches (D:1)
  7 goblins
  5 hobgoblins
  2 quokkas
  4 ball pythons
  A bat (D:1)
  5 frilled lizards
  5 kobolds
  5 rats
54 creatures vanquished.

Notes
Turn   | Place    | Note
-------+----------+-------------------------------------------
     0 | D:1      | qw the Minotaur Hexslinger began the quest for the Orb.
     0 | D:1      | Reached XP level 1. HP: 16/16 MP: 1/1
     0 | D:1      | 0 ||| qw: Version: 0.3-a-46-gb1f654a
     0 | D:1      | 0 ||| qw: Game counter: 1557
     0 | D:1      | 0 ||| qw: Melee chars always use a shield: true
     0 | D:1      | 0 ||| qw: God list: Okawaru
     0 | D:1      | 0 ||| qw: Allow faded altars: false
     0 | D:1      | 0 ||| qw: Do Orc after clearing Dungeon:15 true
     0 | D:1      | 0 ||| qw: Do second Lair branch before Depths: true
     0 | D:1      | 0 ||| qw: Lair rune preference: random
     0 | D:1      | 0 ||| qw: Goals: Normal
     0 | D:1      | 0 ||| PLANNING D:1-11
   107 | D:1      | Reached skill level 3 in Ranged Weapons
   115 | D:1      | Reached XP level 2. HP: 21/23 MP: 2/2
   413 | D:1      | Reached XP level 3. HP: 27/29 MP: 3/3
   498 | D:1      | 498 ||| UPGRADING to amulet of the acrobat.
   503 | D:1      | 503 ||| UPGRADING to ring of poison resistance.
   504 | D:1      | 504 ||| READING scroll labelled OCAUNT ZOWIR.
   505 | D:1      | 505 ||| READING scroll labelled CYVOLA ZAEHERGH.
   506 | D:1      | 506 ||| READING scroll labelled BAUK XODOGH.
   507 | D:1      | 507 ||| DRINKING 2 fuming silvery potions.
   544 | D:1      | 544 ||| DROPPING scroll of poison.
   545 | D:1      | 545 ||| DROPPING potion of lignification.
   620 | D:2      | 620 ||| FLEEEEING.
   621 | D:2      | 621 ||| FLEEEEING.
   622 | D:2      | 622 ||| FLEEEEING.
   623 | D:2      | 623 ||| FLEEEEING.
   632 | D:2      | HP: 7/29 [worm (10)]
   833 | D:2      | 833 ||| Stepping ~*~*~tactically~*~*~ (outnumbered).
   837 | D:2      | Reached skill level 4 in Ranged Weapons
   961 | D:2      | Reached XP level 4. HP: 35/36 MP: 4/4
  1449 | D:2      | 1449 ||| UPGRADING to ring of see invisible.
  1450 | D:2      | 1450 ||| READING scroll labelled QIRIDU MOIRUNG.
  1743 | D:3      | Reached skill level 5 in Ranged Weapons
  1747 | D:3      | Found Koaveo's Book Emporium.
  1781 | D:3      | Noticed a black bear
  1795 | D:3      | HP: 1/36 [black bear (9)]
  1795 | D:3      | Slain by a black bear

Levels and vault maps discovered:
D:1:      co_arrival_square_in_a_square_in_a_square, layout_rooms,
          minmay_heptomino_w4
D:2:      layout_basic
D:3:      layout_basic, serial_shops, nicolae_book_shop_shelving,
          minmay_misc_feat_pillars

Skill      XL: |  1  2  3  4 |
---------------+-------------+-----
Ranged Weapons | 3 4 5 |  5.0
Fighting       | 2 |  2.1
Dodging        | |  2.1
Spellcasting   | |  1.0
Hexes          | |  2.0

Action                     |  1- 3 |  4- 6 || total
---------------------------+-------+-------++-------
   Fire: Sling             |   127 |    68 ||   195
    Use: Scroll            |     3 |     1 ||     4
         Potion            |     1 |       ||     1
 Armour: Robe              |     7 |     3 ||    10
  Dodge: Dodged            |    28 |    22 ||    50

Table legend:
 A = Non-vault XP
 B = Vault XP
 C = Vault XP percentage of total XP
 D = Non-vault monster count
 E = Vault monster count
 F = Vault count percentage of total count
                 A         B        C        D         E       F
            +---------+---------+-------+---------+---------+-------
      Total |     137 |       7 |   4.9 |      50 |       4 |   7.4
            +---------+---------+-------+---------+---------+-------
        D:1 |      37 |       7 |  15.9 |      22 |       4 |  15.4
        D:2 |      82 |       0 |   0.0 |      17 |       0 |   0.0
        D:3 |      18 |       0 |   0.0 |      11 |       0 |   0.0
            +---------+---------+-------+---------+---------+-------
